Croesus, chaotic female elven Ranger ------------ |..........| |..........| |.......<..-### #...........| # ------------- ###------------ ###|`.........`| ------ # #-.....`...... |.[...#######` |...--.--...| |....| # |...|.{.|.... |....+## |..`|{.{|`..| ------ |...|.{.|...| |...-----...| ....d.`.....| |`...@a....`| -------.----- Croesus the Trailblazer Experience level: 6 Strength: 25 Dexterity: 10 Constitution: 16 Intelligence: 14 Wisdom: 14 Charisma: 7 Health: 0(65) Energy: 67(67) Def: 5 Gold: 358 Moves: 4170 Dungeon seed: Y2c5DNp92qZkKWEA Game ID: Croesus_1561169607 Your Inventory: Amulets t - a cursed amulet of strangulation Weapons a - a blessed +0 bec de corbin c - 30 uncursed +2 elven arrows (in quiver) d - an uncursed +1 elven dagger (weapon in hand) e - an uncursed +1 elven bow (alternate weapon; not wielded) z - an uncursed +0 orcish dagger L - 4 uncursed +0 darts Armor b - a blessed +2 elven cloak (being worn) n - an uncursed rusty +0 pair of gauntlets of power (being worn) J - an uncursed +0 leather armor (being worn) N - a blessed +0 mummy wrapping R - a blessed +2 mummy wrapping Y - an uncursed +0 mummy wrapping Comestibles f - 5 uncursed lembas wafers j - an uncursed carrot p - 2 uncursed food rations M - an uncursed female lizard corpse Scrolls v - an uncursed scroll of teleportation x - an uncursed scroll of enchant armor E - 4 uncursed scrolls of identify F - a blessed scroll of enchant armor O - 3 uncursed scrolls of blank paper Spellbooks i - an uncursed spellbook of magic missile q - an uncursed spellbook of remove curse C - an uncursed spellbook of cause fear Potions g - an uncursed potion of booze s - an uncursed potion of healing A - 2 uncursed potions of enlightenment H - an uncursed potion of water P - an uncursed potion of blindness Q - a blessed potion of see invisible Rings S - a cursed ring of protection from shape changers Tools k - an uncursed skeleton key T - an uncursed towel Gems r - an uncursed fluorite stone y - 2 uncursed worthless pieces of orange glass K - an uncursed worthless piece of white glass Coins $ - 358 gold pieces Spells and supernatural/magical abilities: Name Level Category Cost Memory W - pray for help -- divine ? -- Your skills at the end: Fighting Skills wands [Basic] Weapon Skills dagger [Basic] bow [Skilled] Spellcasting Skills Final Attributes: You were piously aligned. You were cold resistant. You were immune to sleep. You saw invisible. You were telepathic. You had automatic searching. You had infravision. You were stealthy. Mars was noncommittal. You are dead. Vanquished creatures: a small mimic a lynx a spotted jelly an iron piercer a giant spider a lizard a dingo 3 gnome mummies 2 apes a soldier ant a rock mole a fog cloud a yellow light a shrieker a gnome lord a gray ooze an elf zombie a paper golem 2 giant ants a little dog 3 floating eyes a kitten a kobold lord 2 rothes a werejackal 4 iguanas an acid blob a gas spore 3 large kobolds a hobgoblin a giant rat 2 cave spiders a brown mold 2 yellow molds a green mold 6 geckos 4 jackals 5 foxes a sewer rat 6 grid bugs 7 lichens a kobold zombie 6 newts 85 creatures vanquished. Voluntary challenges: You were an atheist. You used a wielded weapon 44 times, starting on turn 506. You read items or engraved 1 time, starting on turn 4108. You never genocided any monsters. You never polymorphed an object. You never changed form. You used no wishes. You never split a pudding. You wrote Elbereth's name 1 time, starting on turn 4108. You never violated your personal moral code. Dungeon overview: The Dungeons of Doom: levels 1 to 9 Level 1 a fountain, a vault a long staircase Level 2 some fountains Level 3 a sink Level 4 a general store, some fountains a long staircase Level 5 a scroll shop, a fountain, a vault Level 6 Level 7 a fountain, a vault Level 8 Level 9 <- You were here many fountains History has recorded: On T:1 you entered the Dungeons of Doom to retrieve the Amulet of Yendor! On T:80 you reached level 2 of The Dungeons of Doom. On T:627 you reached level 3 of The Dungeons of Doom. On T:798 you reached level 4 of The Dungeons of Doom. On T:906 you advanced to experience level 2. On T:1404 you advanced to experience level 3. On T:1968 you reached level 5 of The Dungeons of Doom. On T:2055 you advanced to experience level 4. On T:2534 you advanced to experience level 5. On T:2797 you reached level 6 of The Dungeons of Doom. On T:2995 you reached level 7 of The Dungeons of Doom. On T:3495 you advanced to experience level 6. On T:3574 you reached level 8 of The Dungeons of Doom. On T:3998 you reached level 9 of The Dungeons of Doom. Score breakdown: Gold: 358 ( 8691 points) Experience: 6 levels (12456 points) Exploration: 9 levels ( 18.00%) (12121 points) Discoveries: 3 items ( 1.02%) ( 3025 points) Valuables value: (no points given unless you survive) Artifact value: 0 ( 0 points) Variety of kills: 43 monsters ( 11.32%) (10091 points) Turncount: 4170 turns (-1086 points) Survival: died (score multiplied by 80%) Total score: 36238 Latest messages: The 2nd elven arrow hits the dingo! The 3rd elven arrow hits the dingo! You kill the dingo! c - 7 uncursed +2 elven arrows (in quiver). c - an uncursed +2 elven arrow (in quiver). The cave spider misses. c - an uncursed +2 elven arrow (in quiver). You see here a statue of a female forest centaur. The cave spider bites! You shoot 3 elven arrows. The 1st elven arrow hits the cave spider! You kill the cave spider! c - an uncursed +2 elven arrow (in quiver). c - 2 uncursed +2 elven arrows (in quiver). You see here a statue of a female mountain centaur. The soldier ant bites! The soldier ant stings! You are now wielding your elven dagger. e - an uncursed +1 elven bow (alternate weapon; not wielded). You hit the soldier ant! The soldier ant bites! The soldier ant stings! The soldier ant bites! You die... For some reason, you think that you can almost hear the Wizard laugh manically... Final status: Goodbye Croesus the Ranger, killed by a soldier ant... You died in The Dungeons of Doom on dungeon level 9 with 36238 points, and 358 pieces of gold, after 4170 moves. You were level 6 with a maximum of 65 hit points when you died.